 Dungeon Crawl Stone Soup version 0.18.1-50-g88ac8fd (webtiles) character file.

370 Chiseanne the Magician (level 6, 0/41 HPs)
             Began as a Demonspawn Wizard on Sept 30, 2016.
             Slain by an iguana (9 damage)
             ... on level 3 of the Dungeon.
             The game lasted 00:12:18 (4825 turns).

Chiseanne the Magician (Demonspawn Wizard)          Turns: 4825, Time: 00:12:19

Health: 0/41       AC:  6    Str: 11 (13) XL:     6   Next: 42%
Magic:  1/13       EV: 12    Int: 20 (21) God:
Gold:   139        SH:  0    Dex:  8 (11) Spells: 5 memorised, 4 levels left

rFire  . . .     SeeInvis .     a - +0 short sword
rCold  . . .     Gourm    .     i - +0 robe
rNeg   . . .     Faith    .     (no shield)
rPois  .         Spirit   .     b - +0 hat
rElec  .         Dismiss  .     (no cloak)
rCorr  .         Reflect  .     (no gloves)
SustAt .         Harm     .     (no boots)
MR     .....                    (no amulet)
Stlth  +.........               (no ring)
                                (no ring)

@: mighty, very slightly contaminated, not resistant to hostile enchantments,
very unstealthy
A: hooves 2, iridescent scales 1, powered by death 1
a: no special abilities


You were on level 3 of the Dungeon.
You were not hungry.

You visited 1 branch of the dungeon, and saw 4 of its levels.

You collected 139 gold pieces.

Inventory:

Hand Weapons
 a - a +0 short sword (weapon)
 y - a +1 hunting sling of flaming
Missiles
 f - 58 poisoned needles
 j - 184 stones (quivered)
 l - 2 javelins
 n - 43 bolts
 r - 49 arrows
Armour
 b - a +0 hat (worn)
 i - a +0 robe (worn)
Jewellery
 t - a +6 amulet of reflection {unknown}
Wands
 p - a wand of slowing (3/48)
 v - a wand of acid (0/15)
Scrolls
 g - 2 scrolls of amnesia
Potions
 h - a potion of ambrosia
 m - a potion of flight {unknown}
 w - 3 potions of curing
Books
 c - a book of Minor Magic

   Spells                             Type                      Level
   a - Magic Dart                     Conjuration                  1
   b - Blink                          Translocation                2
   c - Call Imp                       Summoning                    2
   d - Repel Missiles                 Charms/Air                   2
   e - Slow                           Hexes                        2
   f - Conjure Flame                  Conjuration/Fire             3
   g - Mephitic Cloud                 Conjuration/Poison/Air       3
Comestibles
 d - 6 bread rations
 k - a beef jerky
 o - 3 meat rations
 q - 2 slices of pizza
 s - 3 fruits


   Skills:
 - Level 1.7 Dodging
 - Level 1.7 Stealth
 * Level 5.1 Spellcasting
 * Level 4.7 Conjurations
   Level 1.0 Summonings
 - Level 0.8 Translocations


You had 4 spell levels left.
You knew the following spells:

 Your Spells              Type           Power        Failure   Level  Hunger
a - Magic Dart            Conj           ###.         1%          1    None
b - Blink                 Tloc           N/A          14%         2    None
c - Conjure Flame         Conj/Fire      ##......     14%         3    ##.....
d - Mephitic Cloud        Conj/Pois/Air  ##......     21%         3    ##.....
e - Repel Missiles        Chrm/Air       #.....       21%         2    None


Dungeon Overview and Level Annotations

Branches:
Dungeon (4/15)
 Temple: D:4-7

Altars:
Elyvilon
Fedhas

Annotations:
D:3 kengeki's ghost, amateur DEFE
D:4 Dowan; Menkaure


Innate Abilities, Weirdness & Mutations

You have hoof-like feet.
You are partially covered in iridescent scales (AC +4).
You regenerate a little health from kills.


Message History

You hit the iguana but do no damage.
The iguana is moderately wounded.
The iguana bites you.
You hit the iguana.
The iguana is severely wounded.
The iguana bites you!
You hit the iguana but do no damage.
The iguana is severely wounded.
The iguana completely misses you.
Drink which item? (? for menu, Esc to quit)
It was a potion of degeneration.
There was something very wrong with that liquid.
You feel weakened.
You feel dopey.
You feel clumsy. The iguana bites you.
* * * LOW HITPOINT WARNING * * *
Drink which item? (? for menu, Esc to quit)
It was a potion of might.
You feel very mighty all of a sudden. The iguana bites you!
You die...

#.....#
#...#
#.....#
#.#.#
#######
#...#
##..##
#...#
#.#.#
#...#
######.l#
#......@#
#.#######
#.# #.#
#.# #.#
#.# #.#
#.#


You could see an iguana.

Vanquished Creatures
  Duvessa (D:4)
  A scorpion (D:4)
  An orc wizard (D:3)
  Jessica (D:3)
  2 worker ants
  4 adders (D:2)
  2 worms
  A dart slug (D:2)
  3 giant geckos (D:1)
  7 orcs
  3 giant cockroaches
  9 goblins
  5 hobgoblins
  A quokka (D:2)
  A ball python (D:2)
  8 bats
  6 giant newts
  10 kobolds
  14 rats
80 creatures vanquished.

Notes
Turn   | Place    | Note
--------------------------------------------------------------
     0 | D:1      | Chiseanne the Demonspawn Wizard began the quest for the Orb.
     0 | D:1      | Reached XP level 1. HP: 13/13 MP: 4/4
   363 | D:1      | Gained mutation: You have large cloven feet. [demonic ancestry]
   363 | D:1      | Reached XP level 2. HP: 13/19 MP: 0/6
  1377 | D:1      | Gained mutation: You regenerate a little health from kills. [demonic ancestry]
  1377 | D:1      | Reached XP level 3. HP: 24/24 MP: 5/8
  1991 | D:2      | Found a white marble altar of Elyvilon.
  2096 | D:2      | Gained mutation: You have hoof-like feet. [demonic ancestry]
  2096 | D:2      | Reached XP level 4. HP: 30/30 MP: 2/9
  2188 | D:2      | Reached skill level 4 in Spellcasting
  3343 | D:3      | Learned a level 2 spell: Repel Missiles
  3347 | D:3      | Learned a level 3 spell: Mephitic Cloud
  3351 | D:3      | Learned a level 3 spell: Conjure Flame
  3354 | D:3      | Learned a level 2 spell: Blink
  3423 | D:3      | Gained mutation: You are partially covered in iridescent scales (AC +4). [demonic ancestry]
  3423 | D:3      | Reached XP level 5. HP: 22/35 MP: 0/11
  3701 | D:3      | Noticed Jessica
  3706 | D:3      | Noticed kengeki's ghost (amateur DEFE)
  3707 | D:3      | Killed Jessica
  3945 | D:3      | Found a blossoming altar of Fedhas.
  4670 | D:4      | Reached XP level 6. HP: 41/41 MP: 0/13
  4675 | D:4      | Noticed Duvessa
  4681 | D:4      | Killed Duvessa
  4681 | D:4      | Reached skill level 5 in Spellcasting
  4682 | D:4      | Noticed Dowan
  4795 | D:4      | Noticed Menkaure
  4825 | D:3      | Slain by an iguana

Skill      XL: |  1  2  3  4  5  6 |
---------------+-------------------+-----
Conjurations   | 2 3 4 |  4.7
Spellcasting   | 4 5 |  5.1
Dodging        | |  1.7
Stealth        | |  1.7
Summonings     | |  1.0
Translocations | |  0.8

Action                   |  1- 3 |  4- 6 || total
-------------------------+-------+-------++-------
Melee: Unarmed           |    19 |       ||    19
       Short sword       |    13 |    35 ||    48
       Kick              |       |     7 ||     7
 Cast: Magic Dart        |    94 |   125 ||   219
       Mephitic Cloud    |       |     5 ||     5
       Repel Missiles    |       |     1 ||     1
Evoke: Wand              |       |     7 ||     7
  Use: Scroll            |       |     8 ||     8
       Potion            |       |     2 ||     2
 Stab: Sleeping          |     1 |       ||     1
  Eat: Chunk             |     3 |     9 ||    12
Armor: Robe              |     7 |     9 ||    16
Dodge: Dodged            |    24 |    38 ||    62
       Deflected         |       |     1 ||     1
